 Dungeon Crawl Stone Soup version 0.29.1-debian-1-gc3f1650bb9 (webtiles) character file.

Game seed: 13879731266162943603

317 LnG the Chopper (level 6, -4/49 (53) HPs)
             Began as a Hill Orc Fighter on Sept 12, 2022.
             Slain by a wight
             ... wielding a +4 flail
              (7 damage)
             ... on level 4 of the Dungeon.
             The game lasted 00:05:12 (3223 turns).

LnG the Chopper (Hill Orc Fighter)                  Turns: 3223, Time: 00:05:12

HP:   -4/49 (53)    AC: 10    Str: 21    XL:     6   Next: 44%
MP:   0/6           EV:  9    Int:  8    God:
Gold: 267           SH:  4    Dex: 10    Spells: 5/5 levels left

rFire   . . .      SeeInvis .   a - +0 war axe
rCold   . . .      Faith    .   c - +0 buckler
rNeg    . . .      Spirit   +   b - +0 scale mail
rPois   .          Reflect  .   s - +0 helmet
rElec   .          Harm     .   (no cloak)
rCorr   .          Rampage  .   k - +0 pair of gloves
Will    .....                   p - +0 pair of boots
Stlth   ..........              u - amulet of guardian spirit
HPRegen 0.16/turn               (no ring)
MPRegen 0.10/turn               (no ring)

@: drained
A: no striking features
a: no special abilities


You were on level 4 of the Dungeon.
You visited 1 branch of the dungeon, and saw 4 of its levels.

You collected 267 gold pieces.

Inventory:

Hand Weapons
 a - a +0 war axe (weapon)
Armour
 b - a +0 scale mail (worn)
 c - a +0 buckler (worn)
 k - a +0 pair of gloves (worn)
 p - a +0 pair of boots (worn)
 s - a +0 helmet (worn)
Jewellery
 u - an amulet of guardian spirit (around neck)
Wands
 q - a wand of flame (31)
 B - a wand of charming (8)
Scrolls
 e - a scroll of immolation {unknown}
 f - 6 scrolls of identify {unknown}
 j - a scroll of brand weapon {unknown}
 o - 2 scrolls of fear {unknown}
 t - a scroll of blinking {unknown}
 w - a scroll of vulnerability {unknown}
 x - a scroll of summoning {unknown}
 y - a scroll of teleportation {unknown}
 A - a scroll of enchant weapon {unknown}
Potions
 d - a potion of might
 g - a potion of magic {unknown}
 h - a potion of attraction {unknown}
 i - 3 potions of berserk rage {unknown}
 l - 2 potions of brilliance {unknown}
 m - a potion of degeneration {unknown}
 n - a potion of heal wounds {unknown}
 r - 3 potions of haste {unknown}
 v - a potion of curing {unknown}
 z - a potion of resistance {unknown}


   Skills:
 + Level 4.3 Fighting
 + Level 6.4 Axes
 + Level 4.2 Armour
 + Level 1.3 Dodging
 + Level 0.1 Stealth
 + Level 4.1 Shields


You had 5 spell levels left.
You didn't know any spells.
Your spell library was empty.

Dungeon Overview and Level Annotations

Branches:
Dungeon (4/15)
 Temple: D:4-7

Altars:
Ru
Vehumet
The Shining One

Shops:
D:2 (([

Annotations:
D:4 1 transporter


Message History

You open the door.
A wight comes into view. It is wielding a +4 flail.
You closely miss the wight. The wight hits you with a +4 flail.
You slash the wight!
The wight is moderately damaged.
The wight hits you with a +4 flail!
You feel drained.
You closely miss the wight.
The wight is moderately damaged.
The wight closely misses you. x2
You hit the wight.
The wight is heavily damaged.
The wight hits you with a +4 flail!
You barely miss the wight.
The wight is heavily damaged.
The wight hits you but does no damage.
You closely miss the wight.
The wight is heavily damaged.
The wight hits you with a +4 flail!
You barely miss the wight.
The wight is heavily damaged.
The wight hits you with a +4 flail!
You barely miss the wight.
The wight is heavily damaged.
The wight barely misses you. The wight hits you with a +4 flail.
* * * LOW HITPOINT WARNING * * *
You feel drained.
* * * LOW HITPOINT WARNING * * *
You hit the wight.
The wight is heavily damaged.
The wight hits you with a +4 flail!
* * * LOW HITPOINT WARNING * * *
You feel drained.
* * * LOW HITPOINT WARNING * * *
You closely miss the wight.
The wight is heavily damaged.
The wight barely misses you.
You closely miss the wight.
The wight is heavily damaged.
The wight hits you with a +4 flail!
You die...

### ## #.# .##
#####z#+#+#+# ..##
#..'.@......( ...#
#.###+#+#+#+#
...##### #.8#
........
#.#############
....###
##.##..........#
....#
#...#<.........#
...##
#..............#
....#
#.#.........^..#
...##
#.#.#..#.#########


You could see a wight.

Vanquished Creatures
  A hound (D:4)
  2 orc priests (D:3)
  2 iguanas
  An orc wizard (D:3)
  Ijyb (D:3)
  4 adders
  2 worms (D:2)
  5 dart slugs
  6 orcs (D:3)
  6 ball pythons
  5 endoplasms
  5 giant cockroaches
  3 goblins
  7 hobgoblins
  5 jackals
  6 bats
  2 frilled lizards
  A kobold (D:3)
  3 rats
67 creatures vanquished.

Vanquished Creatures (others)
  8 plants (D:1)
8 creatures vanquished.

Grand Total: 75 creatures vanquished

Notes
Turn   | Place    | Note
-------+----------+-------------------------------------------
     0 | D:1      | LnG the Hill Orc Fighter began the quest for the Orb.
     0 | D:1      | Reached XP level 1. HP: 19/19 MP: 1/1
   193 | D:1      | Reached XP level 2. HP: 22/27 MP: 2/2
   718 | D:1      | Reached skill level 3 in Axes
   877 | D:2      | Reached XP level 3. HP: 33/33 MP: 3/3
   912 | D:2      | Found Bosizaemn's Antique Armour Boutique.
  1124 | D:2      | Found Jela Doe's Antique Weapon Boutique.
  1470 | D:2      | Reached XP level 4. HP: 36/40 MP: 4/4
  1511 | D:2      | Reached skill level 4 in Axes
  1526 | D:2      | Found Yniom's Weapon Shop.
  1675 | D:2      | Found a faded altar of an unknown god.
  1797 | D:3      | Noticed Ijyb
  1817 | D:3      | Killed Ijyb
  1894 | D:3      | Reached skill level 5 in Axes
  1894 | D:3      | Reached skill level 1 in Dodging
  1894 | D:3      | Reached XP level 5. HP: 20/46 MP: 5/5
  2123 | D:3      | Found a radiant altar of Vehumet.
  2364 | D:3      | Reached XP level 6. HP: 38/52 MP: 6/6
  2474 | D:3      | Found a glowing golden altar of the Shining One.
  2674 | D:3      | Reached skill level 6 in Axes
  2904 | D:4      | Found a sacrificial altar of Ru.
  3010 | D:4      | Found a transporter.
  3221 | D:4      | HP: 2/49 [wight/+4 flail (3)]
  3223 | D:4      | Slain by a wight

Illustrated notes

Levels and vault maps discovered:
D:1:      psy_arrival_conway, layout_basic, serial_bayou_pond_c
D:2:      layout_loops_cross, shapermc_ecumenical_altar_mp_highgroup,
          serial_shops, nicolae_shop_behind_doors, shop_statue, shop
D:3:      layout_basic, nicolae_tso_swordbearing_angel, fiery_altar_vehumet,
          serial_aquarium, aquarium_bridge_island_small
          [aquarium_subvault_small_open, aquarium_subvault_bridge,
          aquarium_subvault_wall, aquarium_subvault_bridge,
          aquarium_subvault_bridge], aquarium_bridge_long_separate
          [aquarium_subvault_bridge, aquarium_subvault_wall,
          aquarium_subvault_wall, aquarium_subvault_bridge,
          aquarium_subvault_bridge, aquarium_subvault_wall], aquarium_window_1,
          aquarium_window_2, aquarium_view_2c, aquarium_view_2e,
          aquarium_pool_four, minmay_misc_feat_plants, uniq_ijyb
D:4:      gammafunk_wand_slinger, layout_rooms,
          lemuel_mausoleum_altar_kikubaaqudgha, nicolae_ru_sacrificial_ziggurat,
          nicolae_gozag_cash_rules_everything_around_me

Skill      XL: |  1  2  3  4  5  6 |
---------------+-------------------+-----
Axes           | 3 5 6 |  6.4
Fighting       | 4 |  4.3
Armour         | 4 |  4.2
Dodging        | 1 |  1.3
Shields        | 4 |  4.1
Stealth        | |  0.1

Action                   |  1- 3 |  4- 6 || total
-------------------------+-------+-------++-------
Melee: War axe           |    92 |   131 ||   223
Armor: Scale mail        |    58 |    77 ||   135
Dodge: Dodged            |    53 |    70 ||   123
Block: Buckler           |    25 |    32 ||    57
